[Event "Team 45 45 League T40"]
[Site "Internet Chess Club"]
[Date "2009.03.08"]
[Round "6"]
[White "iasonmessinis"]
[Black "Morovon23"]
[Result "1-0"]
[WhiteElo "2242"]
[BlackElo "2135"]
[Opening "Alekhine's defense: modern variation, 4...Bg4"]
[ECO "B05"]
[Time "08:04:50"]
[TimeControl "2700+45"]

1. e4 Nf6 2. e5 Nd5 3. d4 d6 4. Nf3 Bg4 5. exd6 cxd6 6. Bc4 Nf6 7. Nc3 d5 8. Be2
e6 9. Bf4 Nc6 10. Qd2 Qb6 11. Rd1 Ne4 12. Nxe4 dxe4 13. Ne5 Qxb2 14. O-O Bb4 15.
Qe3 Bxe2 16. Qxe2 Qxa2 17. d5 Nxe5 18. Bxe5 O-O 19. Qxe4 a5 20. d6 f6 21. Bg3 b5
22. d7 e5 23. f4 Qe6 24. fxe5 Bc5+ 25. Kh1 Be7 26. Qb7 Rab8 27. Qxb8 Rxb8 28.
exf6 Rd8 29. fxe7 Qxe7 30. Rfe1 Rxd7 31. Rxe7 Rxd1+ 32. Re1 Rd2 33. Rc1 a4 34.
Kg1 Kf7 35. Be1 Rd5 36. Kf1 Ke6 37. Bc3 g6 38. Re1+ Kf5 39. Ke2 Ke6 40. Ke3 Kd6
41. Bb4+ Kc6 42. Rf1 Re5+ 43. Kd3 Rd5+ 44. Ke4 Rg5 45. g3 Kd7 46. Rf6 h6 47. c3
Rg4+ 48. Rf4 Rg5 49. Rf6 h5 50. Bd6 Rg4+ 51. Bf4 {Black resigns} 1-0

[Event "Team 45 45 League T40"]
[Site "Internet Chess Club"]
[Date "2009.03.14"]
[Round "6"]
[White "trucazzo"]
[Black "Klampin"]
[Result "0-1"]
[WhiteElo "1912"]
[BlackElo "2070"]
[Opening "Richter-Veresov attack, Richter variation"]
[ECO "D01"]
[Time "10:06:10"]
[TimeControl "2700+45"]

1. d4 d5 2. Nc3 Nf6 3. Bg5 Bf5 4. f3 Nbd7 5. Nxd5 Nxd5 6. e4 h6 7. Bd2 e5 8.
exf5 Qh4+ 9. g3 Qxd4 10. c3 Qb6 11. Bc4 N7f6 12. Qb3 c6 13. O-O-O Qc7 14. Ne2
Bc5 15. Bxd5 cxd5 16. Kb1 Qd7 17. g4 O-O 18. h4 a5 19. Ng3 a4 20. Qc2 a3 21. g5
axb2 22. gxf6 Rxa2 23. Kxa2 Ra8+ 24. Kb1 Qb5 25. Qxb2 Qd3+ 26. Kc1 Ba3 27. Qxa3
Rxa3 28. Kb2 Ra6 {White resigns} 0-1

[Event "Team 45 45 League T40"]
[Site "Internet Chess Club"]
[Date "2009.03.08"]
[Round "6"]
[White "Goal-2009"]
[Black "PopolVuh"]
[Result "0-1"]
[WhiteElo "1822"]
[BlackElo "1876"]
[Opening "Queen's pawn game"]
[ECO "A45"]
[Time "17:03:21"]
[TimeControl "2700+45"]

1. d4 Nf6 2. Nc3 c5 3. Nf3 cxd4 4. Nxd4 d5 5. Bg5 Nc6 6. Bxf6 gxf6 7. e3 e5 8.
Nb3 Be6 9. Be2 Be7 10. O-O O-O 11. f4 d4 12. Ne4 Bxb3 13. axb3 dxe3 14. Qe1 f5
15. Qg3+ Kh8 16. Rad1 Qb6 17. Ng5 Nd4 18. Bc4 e2 19. Bxe2 Nxe2+ {White resigns}
0-1

[Event "Team 45 45 League T40"]
[Site "Internet Chess Club"]
[Date "2009.03.07"]
[Round "6"]
[White "kirsan"]
[Black "tsia68"]
[Result "1-0"]
[WhiteElo "1928"]
[BlackElo "1858"]
[Opening "Caro-Kann: Panov-Botvinnik attack, 5...e6"]
[ECO "B14"]
[Time "14:43:44"]
[TimeControl "2700+45"]

1. e4 c6 2. c4 d5 3. exd5 cxd5 4. d4 Nf6 5. Nc3 e6 6. Bg5 Be7 7. Nf3 O-O 8. Rc1
Nc6 9. c5 h6 10. Bh4 Qa5 11. Bb5 Ne4 12. Bxe7 Nxe7 13. Qa4 Qxa4 14. Bxa4 Rd8 15.
b4 a6 16. O-O Bd7 17. Bxd7 Rxd7 18. Rfe1 Nxc3 19. Rxc3 Nc6 20. a3 Re7 21. h4 f6
22. Rce3 Rae8 23. h5 e5 24. dxe5 fxe5 25. Nh4 Rf7 26. f3 Rf6 27. Ng6 d4 28. Re4
Rf5 29. f4 Rxh5 30. Nxe5 Nxe5 31. fxe5 Kf7 32. e6+ Kf6 33. Rxd4 Rxe6 34. Rxe6+
Kxe6 35. Rd6+ Ke5 36. Rd7 Rg5 37. Rxb7 Rg3 38. a4 Rb3 39. c6 Kd6 40. b5 axb5 41.
axb5 g5 42. c7 Kd7 43. b6 Rb5 44. Rb8 Rc5 45. Rd8+ {Black resigns} 1-0

[Event "Team 45 45 League T40"]
[Site "Internet Chess Club"]
[Date "2009.03.07"]
[Round "6"]
[White "JoshRom"]
[Black "LubanaColorok"]
[Result "1/2-1/2"]
[WhiteElo "1996"]
[BlackElo "1985"]
[Opening "Caro-Kann: advance variation"]
[ECO "B12"]
[Time "12:16:11"]
[TimeControl "2700+45"]

1. e4 c6 2. d4 d5 3. e5 Bf5 4. h4 h6 5. Bd3 Bxd3 6. Qxd3 e6 7. Nf3 Nd7 8. Bd2
Qc7 9. a4 c5 10. c3 Ne7 11. Na3 a6 12. Nc2 Nc6 13. O-O Be7 14. Rfc1 c4 15. Qe2
Na5 16. Rcb1 Nb3 17. Ra2 Nb8 18. Na1 Nxa1 19. Raxa1 Nc6 20. b3 cxb3 21. Rxb3 Na5
22. Rb2 Nc4 23. Rb3 Na5 24. Rb2 Nc4 25. Rb3 O-O 26. Qd3 Qc6 27. g3 b5 28. axb5
axb5 29. Rab1 Ra5 30. Bc1 Rfa8 31. Kg2 Rb8 32. g4 b4 33. g5 hxg5 34. Bxg5 Bf8
35. Bc1 Rab5 36. Ng5 g6 37. h5 Qe8 38. hxg6 fxg6 39. Qh3 Qd7 40. Qxe6+ Qxe6 41.
Nxe6 Be7 42. Nc7 Ra5 43. cxb4 Ra2 44. Nxd5 Bh4 45. Rf3 Rd8 46. Nc3 Rc2 47. Nb5
Rd5 48. Na3 Nxa3 49. Bxa3 Rxd4 50. b5 Rdd2 51. b6 Bxf2 52. Rxf2 Rxf2+ 53. Kg3
Rg2+ 54. Kf3 Rgf2+ 55. Ke4 Kf7 56. b7 Rfe2+ {Game drawn by mutual agreement}
1/2-1/2

[Event "Team 45 45 League T40"]
[Site "Internet Chess Club"]
[Date "2009.03.09"]
[Round "6"]
[White "parrot9"]
[Black "primerpaso"]
[Result "0-1"]
[WhiteElo "1690"]
[BlackElo "1804"]
[Opening "Sicilian: Najdorf, Byrne (English) attack"]
[ECO "B90"]
[Time "18:10:52"]
[TimeControl "2700+45"]

1. e4 c5 2. Nf3 d6 3. d4 cxd4 4. Nxd4 Nf6 5. Nc3 a6 6. Be3 e5 7. Nb3 Be6 8. f3
Nbd7 9. Qd2 Qc7 10. O-O-O b5 11. g4 h6 12. Qf2 Rb8 13. Kb1 b4 14. Nd5 Bxd5 15.
exd5 a5 16. Bh3 a4 17. Nc1 Be7 18. g5 hxg5 19. Bxd7+ Nxd7 20. h4 gxh4 21. Rhg1
Rh7 22. f4 Bf6 23. fxe5 Nxe5 24. Bd4 Qd7 25. Nd3 b3 26. Rde1 bxa2+ 27. Kxa2 Kf8
28. Nxe5 dxe5 29. Bc5+ Ke8 30. Qxf6 Qxd5+ 31. c4 Qxc4+ 32. Ka1 gxf6 33. Rg8+ Kd7
34. Rd1+ Ke6 35. Rxb8 Qxc5 36. Re8+ Kf5 37. Rf1+ Kg6 38. Rg8+ Rg7 39. Rh8 Qd4
40. Rc8 a3 41. Rc2 f5 42. Rg2+ Kf6 43. Rgf2 f4 {White resigns} 0-1

[Event "Team 45 45 League T40"]
[Site "Internet Chess Club"]
[Date "2009.03.08"]
[Round "6"]
[White "rookmaster23"]
[Black "gaboonzoom"]
[Result "1/2-1/2"]
[WhiteElo "1323"]
[BlackElo "1549"]
[Opening "Queen's gambit declined"]
[ECO "D30"]
[Time "09:03:09"]
[TimeControl "2700+45"]

1. d4 d5 2. c4 e6 3. Nf3 c5 4. dxc5 Bxc5 5. e3 Nf6 6. Nc3 Nc6 7. a3 a5 8. Be2 b6
9. Qc2 Bb7 10. e4 d4 11. Nb5 Na7 12. Bg5 Nxb5 13. cxb5 Rc8 14. Qd2 Bxe4 15. Rd1
Bxf3 16. Bxf3 e5 17. O-O O-O 18. Rfe1 Qd6 19. Rb1 d3 20. Bxf6 Qxf6 21. Qxd3 Qh4
22. Re2 Rfd8 23. Qe4 Rd4 24. Qxh4 Rxh4 25. g3 Rd4 26. Rxe5 Rd3 27. Bg4 Rcd8 28.
Rbe1 Rd2 29. Re8+ Rxe8 30. Rxe8+ Bf8 31. Bf5 g6 32. Bh3 Rxb2 33. Bf1 Ra2 34. Rb8
Kg7 35. Rxb6 Rxf2 36. Ra6 Bc5 37. Rxa5 Rf3+ 38. Kg2 Rf2+ 39. Kg1 Rf3+ 40. Kg2
Rxa3 41. Rxa3 Bxa3 42. b6 Bd6 43. Kf3 Kf6 44. Ke4 Ke6 45. Bc4+ Kd7 46. Bxf7 Kc6
47. Bg8 h6 48. Bf7 g5 49. Bd5+ Kxb6 50. Kf5 Kc5 51. Bf3 Kd4 52. Kg6 Ke3 53. Bh5
Kf2 54. Kxh6 Kg2 55. Kxg5 Kxh2 56. g4 Kg3 57. Kf5 Kh4 58. Ke6 Bf4 59. Kf5 Bc1
60. Ke4 Bd2 61. Kd3 Bh6 62. Ke4 Bc1 {Game drawn by mutual agreement} 1/2-1/2

[Event "Team 45 45 League T40"]
[Site "Internet Chess Club"]
[Date "2009.03.08"]
[Round "6"]
[White "ticopatzer"]
[Black "PawnSensei"]
[Result "0-1"]
[WhiteElo "1530"]
[BlackElo "1413"]
[Opening "Ruy Lopez: open, Bernstein variation"]
[ECO "C80"]
[Time "13:08:40"]
[TimeControl "2700+45"]

1. e4 e5 2. Nf3 Nc6 3. Bb5 a6 4. Ba4 Nf6 5. O-O Nxe4 6. d4 b5 7. Bb3 d5 8. dxe5
Be6 9. Nbd2 Nc5 10. Re1 Nxb3 11. Nxb3 Be7 12. Be3 O-O 13. Nc5 Bg4 14. h3 Bxf3
15. Qxf3 Nxe5 16. Qf4 Nc4 17. Bd4 Bd6 18. Qg4 g6 19. Nd7 f5 20. Nf6+ Qxf6 21.
Bxf6 fxg4 22. Bd4 c5 23. b3 cxd4 24. bxc4 dxc4 25. hxg4 Rfe8 26. Red1 Bc5 27.
Kf1 Rad8 28. Rd2 Bb4 29. Re2 Rxe2 30. Kxe2 d3+ 31. cxd3 cxd3+ 32. Kd1 Re8 33.
Rb1 Re1# {White checkmated} 0-1

[Event "Team 45 45 League T40"]
[Site "Internet Chess Club"]
[Date "2009.03.15"]
[Round "6"]
[White "BosqueVerde"]
[Black "SeniorCitizen"]
[Result "0-1"]
[WhiteElo "1220"]
[BlackElo "1358"]
[Opening "Nimzo-Indian: classical, Noa variation"]
[ECO "E34"]
[Time "15:00:28"]
[TimeControl "2700+45"]

1. d4 d5 2. c4 e6 3. Qc2 Nf6 4. Nc3 Bb4 5. Bg5 Nbd7 6. Nf3 O-O 7. e3 b6 8. cxd5
Bxc3+ 9. Qxc3 exd5 10. Bd3 c5 11. dxc5 bxc5 12. O-O Qe8 13. Bxf6 Nxf6 14. Qxc5
Be6 15. b3 Qc8 16. Qd4 Qb7 17. Rac1 Rfc8 18. Ng5 Rxc1 19. Rxc1 h6 20. Nxe6 fxe6
21. h3 Rd8 22. Qe5 Qe7 23. Rc7 Rd7 24. Rxd7 Qxd7 25. Qb8+ Kf7 26. Bb5 Qe7 27. a4
Ne4 28. Qf4+ Qf6 29. Qc7+ Qe7 30. Qxe7+ Kxe7 31. Bd3 Nc5 32. Bg6 Nxb3 33. g4 a5
34. Bc2 Nc5 35. Kg2 Kf6 36. f4 e5 37. h4 g5 38. h5 exf4 39. exf4 gxf4 40. Kf3
Kg5 41. Ke2 Kxg4 42. Kf2 Ne4+ 43. Bxe4 dxe4 {White resigns} 0-1

[Event "Team 45 45 League T40"]
[Site "Internet Chess Club"]
[Date "2009.03.09"]
[Round "6"]
[White "chips"]
[Black "WzeroMN"]
[Result "1/2-1/2"]
[WhiteElo "1241"]
[BlackElo "1247"]
[Opening "Scotch opening"]
[ECO "C44"]
[Time "16:00:16"]
[TimeControl "2700+45"]

1. e4 e5 2. Nf3 Nc6 3. d4 d6 4. Bb5 Bd7 5. dxe5 Nxe5 6. Bxd7+ Nxd7 7. b3 Ngf6 8.
Qe2 Be7 9. Bb2 O-O 10. e5 dxe5 11. Bxe5 Nxe5 12. Qxe5 Re8 13. O-O Bd6 14. Qb5 b6
15. Qa6 Qc8 16. Qxc8 Raxc8 17. c4 Ng4 18. Nbd2 Ne5 19. Nxe5 Bxe5 20. Rad1 Rcd8
21. Nf3 Bf6 22. Rb1 {Game drawn by mutual agreement} 1/2-1/2

[Event "Team 45 45 League T40"]
[Site "Internet Chess Club"]
[Date "2009.03.09"]
[Round "6"]
[White "albacore"]
[Black "CKNIGHT3"]
[Result "1/2-1/2"]
[WhiteElo "1370"]
[BlackElo "1506"]
[Opening "Queen's pawn game, Krause variation"]
[ECO "D02"]
[Time "16:17:05"]
[TimeControl "2700+45"]

1. d4 d5 2. Nf3 c5 3. c3 Nc6 4. Bf4 Qb6 5. e3 Qxb2 6. Nbd2 Qxc3 7. Rc1 Qa3 8.
Bb5 Bd7 9. Ne5 Nf6 10. Nxd7 Nxd7 11. dxc5 e5 12. Bg3 Bxc5 13. O-O O-O 14. Qg4
Nf6 15. Qf5 a6 16. Bxc6 bxc6 17. Bxe5 Be7 18. Rxc6 Qxa2 19. Nf3 Qa4 20. Bxf6
Bxf6 21. Rxf6 gxf6 22. Ng5 fxg5 23. Qxg5+ Kh8 24. Qf6+ Kg8 25. Qg5+ Kh8 26. Qf6+
Kg8 27. Qg5+ Kh8 28. Qf6+ Kg8 29. Qg5+ Kh8 30. Qf6+ Kg8 {Game drawn by
repetition} 1/2-1/2

[Event "Team 45 45 League T40"]
[Site "Internet Chess Club"]
[Date "2009.03.08"]
[Round "6"]
[White "smsxman"]
[Black "Glassywoman"]
[Result "1-0"]
[WhiteElo "1492"]
[BlackElo "1451"]
[Opening "Danish gambit"]
[ECO "C21"]
[Time "12:00:20"]
[TimeControl "2700+45"]

1. e4 e5 2. d4 exd4 3. c3 dxc3 4. Bc4 cxb2 5. Bxb2 Nf6 6. e5 Qe7 7. Ne2 Ng4 8.
Qd4 Nh6 9. O-O Nc6 10. Qf4 d6 11. exd6 cxd6 12. Nbc3 Be6 13. Rfe1 Bxc4 14. Qxc4
a6 15. Nd4 Ne5 16. Qa4+ Qd7 17. Qxd7+ Kxd7 18. Rad1 g6 19. Na4 Bg7 20. Nb6+ Kc7
21. Nxa8+ Rxa8 22. f4 Nd7 23. Rc1+ Kd8 24. Bc3 b6 25. Nc6+ Kc7 26. Bxg7 {Black
resigns} 1-0

[Event "Team 45 45 League T40"]
[Site "Internet Chess Club"]
[Date "2009.03.04"]
[Round "6"]
[White "Kalar-Yadwa"]
[Black "Wonderbugg"]
[Result "0-1"]
[WhiteElo "1328"]
[BlackElo "1427"]
[Opening "QGD Slav: Wiesbaden variation"]
[ECO "D17"]
[Time "15:07:47"]
[TimeControl "2700+45"]

1. d4 d5 2. c4 c6 3. Nf3 Nf6 4. Nc3 dxc4 5. a4 Bf5 6. Ne5 e6 7. f3 Bb4 8. e4
Bxe4 9. fxe4 Nxe4 10. Bd2 Bxc3 11. bxc3 Qh4+ 12. g3 Nxg3 13. hxg3 Qxh1 14. Qg4
g6 15. Qf4 O-O 16. Ng4 Nd7 17. O-O-O Qd5 18. Be2 f5 19. Bf3 Qa5 20. Nh6+ Kh8 21.
Rh1 e5 22. Qg5 e4 23. Bd1 Qd8 24. Qf4 Qe7 25. Kb2 Nf6 26. Qh4 Rae8 27. Bf4 b5
28. Be5 b4 29. Qf4 bxc3+ 30. Ka2 Qb4 31. Rh2 Rb8 32. Bxb8 Rxb8 33. Qe5 Qb1+ 34.
Ka3 Rb3+ 35. Bxb3 Qxb3# {White checkmated} 0-1

[Event "Team 45 45 League T40"]
[Site "Internet Chess Club"]
[Date "2009.03.06"]
[Round "6"]
[White "KingOfHearts"]
[Black "JustinZ"]
[Result "1-0"]
[WhiteElo "1282"]
[BlackElo "1222"]
[Opening "Giuoco Pianissimo"]
[ECO "C50"]
[Time "21:00:26"]
[TimeControl "2700+45"]

1. e4 e5 2. Nf3 Nc6 3. Bc4 Bc5 4. d3 Nf6 5. Bg5 Nd4 6. Nxe5 O-O 7. c3 d6 8.
Bxf7+ Rxf7 9. Nxf7 Qe7 10. cxd4 Bb4+ 11. Nc3 Qxf7 12. O-O Qg6 13. Bxf6 Bh3 14.
Qf3 Bg4 15. Qg3 gxf6 16. h3 Bh5 17. Qxg6+ Bxg6 18. Nd5 c5 19. dxc5 Bxc5 20. Ne7+
Kg7 21. Nxg6 hxg6 22. b3 Bd4 23. Rac1 b6 24. Rc6 Rd8 25. Rfc1 Be5 26. Rc8 {Black
resigns} 1-0

[Event "Team 45 45 League T40"]
[Site "Internet Chess Club"]
[Date "2009.03.05"]
[Round "6"]
[White "rubo"]
[Black "Portola"]
[Result "0-1"]
[WhiteElo "1743"]
[BlackElo "1711"]
[Opening "Bird's opening"]
[ECO "A02"]
[Time "23:00:26"]
[TimeControl "2700+45"]

1. f4 Nc6 2. Nf3 d5 3. e3 Nf6 4. Bb5 Bd7 5. b3 e6 6. Bb2 Be7 7. O-O O-O 8. Bxc6
Bxc6 9. Ne5 Be8 10. Rf3 Ne4 11. d3 Nd6 12. Rh3 f6 13. Ng4 Bg6 14. Nd2 Qe8 15.
Qf3 c5 16. Nf1 Rc8 17. Ng3 c4 18. bxc4 dxc4 19. e4 cxd3 20. cxd3 f5 21. exf5
Nxf5 22. Ne4 Qb5 23. Be5 Bc5+ 24. Nxc5 Qxc5+ 25. Kf1 Nd4 26. Qxb7 Rf7 27. Qb2
Nf5 28. Qb3 Qc6 29. d4 Qa6+ 30. Kf2 Rb7 31. Qd1 Rb2+ 32. Kg1 Rcc2 33. Qf3 Rxg2+
34. Qxg2 Rxg2+ 35. Kxg2 Qe2+ 36. Nf2 Ne3+ 37. Kg1 Ng4 38. Rf1 Nxf2 39. Rxf2 Qe4
40. Rb3 Bf5 41. Rg3 g6 42. Rb3 Kf7 43. Rfb2 g5 44. Rb7+ Kg6 45. Rg7+ Kh5 46.
Rxg5+ Kh4 47. Kf2 Bg4 48. Kg1 Qe1+ 49. Kg2 Bh3+ 50. Kf3 Qc3+ 51. Kf2 Qxb2+ 52.
Kf3 Qc3+ 53. Kf2 Qd2+ 54. Kf3 Qd1+ 55. Ke3 Bg4 56. Kf2 Qe2+ 57. Kg1 Kh3 {White
resigns} 0-1

[Event "Team 45 45 League T40"]
[Site "Internet Chess Club"]
[Date "2009.03.08"]
[Round "6"]
[White "lisof"]
[Black "BenjaminSisko"]
[Result "1-0"]
[WhiteElo "1866"]
[BlackElo "1541"]
[Opening "Sicilian: accelerated fianchetto, exchange variation"]
[ECO "B34"]
[Time "17:34:00"]
[TimeControl "2700+45"]

1. e4 c5 2. Nf3 g6 3. d4 cxd4 4. Nxd4 Nc6 5. Nxc6 bxc6 6. Bc4 Nf6 7. Nc3 Bg7 8.
e5 Nd5 9. Nxd5 cxd5 10. Qxd5 O-O 11. Qxa8 Qa5+ 12. c3 Qxe5+ 13. Be3 Ba6 14. Qd5
Qxd5 15. Bxd5 Rb8 16. O-O-O {Black resigns} 1-0

[Event "Team 45 45 League T40"]
[Site "Internet Chess Club"]
[Date "2009.03.08"]
[Round "6"]
[White "rayngrant"]
[Black "Emrebey"]
[Result "1-0"]
[WhiteElo "1595"]
[BlackElo "1562"]
[Opening "Sicilian: accelerated fianchetto, modern variation"]
[ECO "B34"]
[Time "12:02:02"]
[TimeControl "2700+45"]

1. e4 c5 2. Nf3 Nc6 3. d4 cxd4 4. Nxd4 g6 5. Nc3 Bg7 6. Be3 Nf6 7. Qd2 Ng4 8.
O-O-O Nxe3 9. fxe3 O-O 10. Bc4 Qc7 11. Bb3 a6 12. Nd5 Qe5 13. Nc3 e6 14. Nf3 Qc5
15. Kb1 Na5 16. Nd4 Nxb3 17. Nxb3 Qe5 18. h4 b5 19. Qd4 Qg3 20. Qd2 Rd8 21. Rh3
Qe5 22. Qd4 Qc7 23. Qd6 Be5 24. Qe7 Bb7 25. Nc5 Bc6 26. h5 Re8 27. Qh4 Qd8 28.
Qg4 d6 29. hxg6 hxg6 30. Nd3 Bxc3 31. bxc3 d5 32. Ne5 Bb7 33. Nxg6 fxg6 34.
Qxg6+ Kf8 35. Rh8+ Ke7 36. Rh7+ Kd6 37. Rxb7 Kc6 38. Qf7 Rc8 39. exd5+ exd5 40.
Ra7 Rc7 41. Rxc7+ Qxc7 42. Qxe8+ Kb6 43. Qe6+ Ka5 44. Qxd5 Qxc3 45. Qd8+ Ka4 46.
Qd4+ b4 47. Qxc3 bxc3 48. g4 a5 49. g5 Ka3 50. g6 a4 51. g7 Kb4 52. g8=Q Ka3 53.
Qf8# {Black checkmated} 1-0

[Event "Team 45 45 League T40"]
[Site "Internet Chess Club"]
[Date "2009.03.05"]
[Round "6"]
[White "g8wrb"]
[Black "kublai"]
[Result "0-1"]
[WhiteElo "1466"]
[BlackElo "1506"]
[Opening "French: Tarrasch, open variation, main line"]
[ECO "C09"]
[Time "10:02:19"]
[TimeControl "2700+45"]

1. e4 e6 2. d4 d5 3. Nd2 c5 4. exd5 exd5 5. Ngf3 Nc6 6. dxc5 Bxc5 7. Nb3 Bb6 8.
Be2 Nf6 9. Bg5 O-O 10. c3 Re8 11. Bxf6 gxf6 12. O-O Qd6 13. Re1 Bc7 14. h3 Ne5
15. Nbd4 Bd7 16. Qb3 Kh8 17. Rad1 Rg8 18. Kf1 Rg7 19. Bb5 Rag8 20. Bxd7 Qxd7 21.
Nh4 Ng6 22. Ndf5 Nxh4 23. Nxh4 Bd8 24. Rxd5 Qc6 25. Qb5 f5 26. Nxf5 Qxb5+ 27.
Rxb5 Rxg2 28. Ng3 Rh2 29. Rh5 Bb6 30. Re2 Bc7 31. Re3 Bxg3 32. fxg3 Rxb2 33. Ra5
a6 34. c4 Rc2 35. c5 Rc8 36. Rf3 Kg7 37. Rf5 Rd8 38. Re5 Rd1+ 39. Re1 Rxe1+ 40.
Kxe1 Rh2 41. h4 Rg2 42. Ra3 Rc2 43. Ra5 Kg6 44. Kd1 Rg2 45. Ra3 Kh5 46. Ke1 Rb2
47. Rb3 Rxb3 48. axb3 Kg4 49. Kf2 h5 50. Kg2 Kf5 51. Kf3 f6 52. b4 Ke5 53. Ke3
f5 54. Kd3 Kd5 55. Ke3 Kc4 56. Kf4 Kxb4 57. Kxf5 a5 58. Kg5 a4 59. Kxh5 a3 60.
Kg6 a2 61. h5 a1=Q 62. h6 Qh8 63. g4 Kxc5 64. g5 Qf8 65. h7 Qd6+ 66. Kg7 Qe5+
67. Kg8 Qxg5+ 68. Kh8 Qh4 69. Kg8 Qxh7+ 70. Kxh7 b5 {White resigns} 0-1

[Event "Team 45 45 League T40"]
[Site "Internet Chess Club"]
[Date "2009.03.07"]
[Round "6"]
[White "ShanghaiTom"]
[Black "budugu"]
[Result "1/2-1/2"]
[WhiteElo "1721"]
[BlackElo "1565"]
[Opening "Evans gambit: 5...Be7"]
[ECO "C51"]
[Time "23:18:42"]
[TimeControl "2700+45"]

1. e4 e5 2. Nf3 Nc6 3. Bc4 Bc5 4. b4 Bxb4 5. c3 Be7 6. d4 exd4 7. cxd4 d6 8. Nc3
Bg4 9. h3 Bh5 10. Bb2 Nf6 11. O-O O-O 12. Nd5 Nxe4 13. Re1 Bxf3 14. Qxf3 Nd2 15.
Nxe7+ Nxe7 16. Qc3 Nxc4 17. Qxc4 d5 18. Qb4 Re8 19. Ba3 Nc6 20. Qxb7 Nxd4 21.
Rxe8+ Qxe8 22. Rd1 Nb5 23. Bb4 Rb8 24. Qxd5 h6 25. a3 {Game drawn by mutual
agreement} 1/2-1/2

[Event "Team 45 45 League T40"]
[Site "Internet Chess Club"]
[Date "2009.03.10"]
[Round "6"]
[White "allanchs"]
[Black "clarinetref"]
[Result "0-1"]
[WhiteElo "1518"]
[BlackElo "1655"]
[Opening "Pirc: Austrian attack, dragon formation"]
[ECO "B07"]
[Time "11:02:45"]
[TimeControl "2700+45"]

1. e4 d6 2. d4 g6 3. Nc3 Bg7 4. f4 Nf6 5. Nf3 c5 6. dxc5 Qa5 7. Bd3 Qxc5 8. Qe2
O-O 9. Be3 Qh5 10. h3 e5 11. O-O-O exf4 12. Bxf4 Qc5 13. g4 Nc6 14. Bb5 Rd8 15.
a3 a6 16. Be3 Qxc3 17. bxc3 axb5 18. Kb2 Nxe4 19. Bd4 Ng3 20. Qxb5 Nxh1 21. Rxh1
Nxd4 22. cxd4 Bd7 23. Qd3 Bc6 24. c3 Ra5 25. Re1 Rda8 26. Ra1 Bb5 27. Qe3 Re8
28. Qf4 Re2+ 29. Kb3 Ba4+ 30. Kc4 b5+ 31. Kb4 Ra6 32. Rb1 Bf8 33. d5 Bc2 34.
Kxb5 Bd3+ 35. c4 Rxa3 36. Qc1 Ra8 37. Ra1 Rb8+ 38. Ka6 Rc2 39. Qg1 Bxc4+ 40. Ka7
Rcb2 {White resigns} 0-1

[Event "Team 45 45 League T40"]
[Site "Internet Chess Club"]
[Date "2009.03.08"]
[Round "6"]
[White "jazzyrick"]
[Black "kwameh72"]
[Result "0-1"]
[WhiteElo "1513"]
[BlackElo "1654"]
[Opening "Scandinavian: Pytel-Wade variation"]
[ECO "B01"]
[Time "21:27:26"]
[TimeControl "2700+45"]

1. e4 d5 2. exd5 Qxd5 3. Nc3 Qd6 4. Nf3 Nf6 5. g3 Bg4 6. Bg2 c6 7. h3 Bh5 8. g4
Bg6 9. d3 Nbd7 10. Ne2 h6 11. Bf4 Qb4+ 12. c3 Qb5 13. c4 Qb4+ 14. Qd2 Qxd2+ 15.
Kxd2 e6 16. Rhe1 Bb4+ 17. Nc3 Nc5 18. Ne5 O-O-O 19. Re3 Bxc3+ 20. Kxc3 Nfd7 21.
Nxg6 fxg6 22. b4 e5 23. Bxe5 Nxe5 24. bxc5 Nd7 25. d4 Rhf8 26. f3 Rf4 27. Re4 g5
28. Rae1 Rf7 29. Re7 Rxe7 30. Rxe7 Rg8 31. a4 Kd8 32. Re2 a5 33. Rb2 Kc7 34. Kd3
Rd8 35. Ke3 b6 36. cxb6+ Nxb6 37. c5 Nc4+ {White resigns} 0-1

[Event "Team 45 45 League T40"]
[Site "Internet Chess Club"]
[Date "2009.03.10"]
[Round "6"]
[White "Rhel"]
[Black "jrichman38"]
[Result "0-1"]
[WhiteElo "1563"]
[BlackElo "1498"]
[Opening "QGD semi-Slav: Meran, Blumenfeld variation"]
[ECO "D49"]
[Time "15:07:41"]
[TimeControl "2700+45"]

1. d4 d5 2. c4 c6 3. Nf3 Nf6 4. Nc3 e6 5. e3 Nbd7 6. Bd3 dxc4 7. Bxc4 b5 8. Bd3
a6 9. e4 c5 10. e5 cxd4 11. Nxb5 axb5 12. exf6 gxf6 13. O-O e5 14. Bxb5 Qa5 15.
a4 Rb8 16. Bd2 Bb4 17. Nxd4 exd4 18. Re1+ Kd8 19. Qe2 Bxd2 20. Qe7+ Kc7 21.
Rec1+ Bxc1 22. Rxc1+ Kb6 23. Rc6+ Ka7 24. b4 Qd8 25. Ra6+ Bxa6 {White resigns}
0-1

[Event "Team 45 45 League T40"]
[Site "Internet Chess Club"]
[Date "2009.03.07"]
[Round "6"]
[White "carokantor"]
[Black "superbeast"]
[Result "1/2-1/2"]
[WhiteElo "1952"]
[BlackElo "1776"]
[Opening "Sicilian: Alapin's variation (2.c3)"]
[ECO "B22"]
[Time "19:04:33"]
[TimeControl "2700+45"]

1. e4 c5 2. c3 d5 3. exd5 Qxd5 4. d4 Nc6 5. Nf3 Bg4 6. Be2 cxd4 7. cxd4 e6 8.
Nc3 Qa5 9. O-O Nf6 10. Bd2 Be7 11. a3 O-O 12. Rc1 Rad8 13. Be3 e5 14. d5 Nxd5
15. Nxd5 Rxd5 16. Qb3 e4 17. Bc4 Rd7 18. Nd2 Rxd2 19. Bxd2 Qxd2 20. Qxb7 Qd6 21.
Bxf7+ Rxf7 22. Rxc6 Qe5 23. Qb3 Bc5 24. Qc4 Bb6 25. Qc2 e3 26. Rc1 exf2+ 27. Kf1
Qb5+ 28. Qc4 Qf5 29. Rc3 Qb1+ 30. Rc1 Qf5 31. Rc3 {Game drawn by mutual
agreement} 1/2-1/2

[Event "Team 45 45 League T40"]
[Site "Internet Chess Club"]
[Date "2009.03.08"]
[Round "6"]
[White "nursey"]
[Black "Gunsmoke"]
[Result "0-1"]
[WhiteElo "1580"]
[BlackElo "1561"]
[Opening "Ruy Lopez: Classical defense deferred"]
[ECO "C70"]
[Time "16:19:48"]
[TimeControl "2700+45"]

1. e4 e5 2. Nf3 Nc6 3. Bb5 a6 4. Ba4 Bc5 5. Bxc6 dxc6 6. Nxe5 Bxf2+ 7. Kxf2 Qd4+
8. Kf1 Qxe5 9. d3 h5 10. Nc3 Bg4 11. Qd2 O-O-O 12. Qg5 f5 13. h3 Rf8 14. Bf4 Qe6
15. hxg4 fxg4 16. Re1 g6 17. Kg1 Nh6 18. Qe5 Qd7 19. d4 Re8 20. Qc5 b6 21. Qc4
b5 22. Qc5 Nf7 23. Qa7 Kd8 24. Qb8+ Ke7 25. Qxc7 Qxc7 26. Bxc7 h4 27. Re3 g5 28.
Kf2 Ref8 29. a3 Ne5+ 30. Ke2 Nc4 31. Rd3 Nxb2 32. Re3 Nc4 33. Rd3 Nb2 34. Rd2
Nc4 35. Rdd1 Nb2 36. Rb1 Nc4 37. Rbf1 g3 38. a4 Kd7 39. Be5 Nxe5 40. dxe5 Ke6
41. axb5 axb5 42. Rf5 Rxf5 43. exf5+ Kxf5 44. Re1 Re8 45. Kd2 Rxe5 46. Rf1+ Kg6
47. Nd1 Rf5 48. Re1 Rf6 49. Ne3 Kh5 50. Kd3 g4 51. Kd4 h3 52. c3 h2 53. Kc5 Re6
54. Kd4 c5+ 55. Kd3 b4 56. cxb4 cxb4 57. Kd4 b3 58. Rb1 b2 59. Nf5 Rc6 60. Rxb2
Rc1 61. Nxg3+ Kg5 62. Ne4+ Kh4 63. g3+ Kh3 64. Ng5+ Kxg3 65. Ne4+ Kh3 66. Nf2+
Kh4 67. Rb8 Kg3 68. Ne4+ Kg2 69. Rb2+ Kg1 70. Ng3 h1=Q 71. Nxh1 Kxh1 72. Rb3 Re1
73. Rg3 Rg1 74. Re3 Rf1 75. Rg3 Rg1 76. Re3 g3 77. Re8 Rf1 78. Rh8+ Kg1 79. Rg8
Rf3 80. Ke4 Kf2 81. Kd4 g2 82. Ke4 Rg3 83. Rf8+ Ke1 84. Re8 g1=Q 85. Kf4+ Kd2
{White resigns} 0-1

[Event "Team 45 45 League T40"]
[Site "Internet Chess Club"]
[Date "2009.03.06"]
[Round "6"]
[White "dkinla"]
[Black "rayonline53"]
[Result "0-1"]
[WhiteElo "1493"]
[BlackElo "1529"]
[Opening "Alekhine's defense"]
[ECO "B02"]
[Time "01:59:17"]
[TimeControl "2700+45"]

1. e4 Nf6 2. Nc3 d6 3. Bc4 e5 4. Nf3 h6 5. d3 Be7 6. O-O Nc6 7. a3 Bg4 8. h3 Bh5
9. g4 Nxg4 10. hxg4 Bxg4 11. Be3 Bg5 12. Qe2 Qd7 13. Rad1 Bh3 14. Nxg5 hxg5 15.
Rfe1 f6 16. d4 O-O-O 17. dxe5 Nxe5 18. Ba2 Bg4 19. Qb5 Qxb5 20. Nxb5 Bf3 21.
Be6+ Kb8 22. Bxa7+ Ka8 23. Nxc7+ Kxa7 24. Nb5+ Kb8 25. Rxd6 Rh1# {White
checkmated} 0-1